 Dungeon Crawl Stone Soup version 0.18-a0-1028-g6e46bd4 (webtiles) character file.

287 Oddball22 the Insei (level 6, -10/47 HPs)
             Began as a Draconian Transmuter on Jan 9, 2016.
             Killed by divine providence
             ... invoked by an orc priest
              (11 damage)
             ... on level 4 of the Dungeon.
             The game lasted 00:07:57 (3655 turns).

Oddball22 the Insei (Draconian Transmuter)          Turns: 3655, Time: 00:07:58

Health: -10/47     AC:  2    Str: 12    XL:     6   Next: 8%
Magic:  8/10       EV: 19    Int: 14    God:
Gold:   190        SH:  0    Dex: 18    Spells: 3 memorised, 4 levels left

rFire  . . .     SeeInvis .       - Unarmed
rCold  . . .     Gourm    .     (armour unavailable)
rNeg   . . .     Faith    .     (shield currently unavailable)
rPois  x         Spirit   .     (helmet currently unavailable)
rElec  .         Dismiss  .     (cloak currently unavailable)
rCorr  .         Reflect  .     (gloves currently unavailable)
SustAt .         Harm     .     (boots currently unavailable)
MR     .....                    (no amulet)
Stlth  ++........               (no ring)
                                (no ring)

@: spider-form (expiring), not resistant to hostile enchantments, unstealthy
A: unfitting armour, (cold-blooded), AC +6
a: End Transformation


You were on level 4 of the Dungeon.
You were hungry.
You were a venomous arachnid creature.
You visited 1 branch of the dungeon, and saw 4 of its levels.

You collected 190 gold pieces.

Inventory:

Missiles
 a - 53 arrows
Armour
 h - a cursed +0 cloak (melded)
Jewellery
 t - a +3 ring of strength {unknown}
 u - an uncursed ring of flight {unknown}
Scrolls
 d - a scroll of enchant armour {unknown}
 e - 2 scrolls of remove curse {unknown}
 g - 2 scrolls of teleportation {unknown}
 j - 2 scrolls of fear {unknown}
 k - 2 scrolls of noise {unknown}
 m - a scroll of magic mapping {unknown}
 o - 2 scrolls of identify {unknown}
 q - a scroll of recharging {unknown}
 s - a scroll of random uselessness {unknown}
 x - a scroll of fog {unknown}
Potions
 l - a potion of flight {unknown}
 p - a potion of cure mutation {unknown}
 v - a potion of poison {unknown}
 w - a potion of beneficial mutation {unknown}
 z - a potion of ambrosia {unknown}
Books
 b - a book of Changes

   Spells                             Type                      Level
   a - Beastly Appendage              Transmutation                1
   b - Sticks to Snakes               Transmutation                2
   c - Spider Form                    Transmutation/Poison         3
   d - Ice Form                       Ice/Transmutation            4
   e - Blade Hands                    Transmutation                5
Comestibles
 c - 3 bread rations
 f - 2 chunks of flesh
 i - 3 meat rations
 n - a beef jerky


   Skills:
 - Level 1.1 Fighting
 - Level 1.7 Dodging
 + Level 4.7 Unarmed Combat
 - Level 2.8 Spellcasting
 - Level 3.3 Transmutations
 * Level 3.1 Poison Magic


You had 4 spell levels left.
You knew the following spells:

 Your Spells              Type           Power        Failure   Level  Hunger
a - Beastly Appendage     Trmt           ##....       17%         1    #......
b - Sticks to Snakes      Trmt           ##......     24%         2    ###....
c - Spider Form           Trmt/Pois      ##........   41%         3    ###....


Dungeon Overview and Level Annotations

Branches:
Dungeon (4/15)
 Temple: D:4-7

Altars:
Gozag
Nemelex Xobeh
Qazlal
Trog
Xom
The Shining One


Innate Abilities, Weirdness & Mutations

((Your plain brown scales are hard (AC +6).))
Your body does not fit into most forms of armour.
((You are cold-blooded and may be slowed by cold attacks.))


Message History

You hear some strange, mumbled words.
A puff of flame appears from out of thin air!
The puff of flame hits you!
* * * LOW HITPOINT WARNING * * *
You see here a hand axe.
Drink which item? (? for menu, Esc to quit)
You feel better. Something hits you.
You hit something but do no damage. Something hits you.
* * * LOW HITPOINT WARNING * * *
You barely miss something. Something hits you.
* * * LOW HITPOINT WARNING * * *
You closely miss something. Something hits you but does no damage.
You barely miss something.
You hear some strange, mumbled words.
A puff of flame appears from out of thin air!
The puff of flame hits you!
* * * LOW HITPOINT WARNING * * *
The orc priest mumbles some strange prayers to Beogh against you.
Something smites you!
You die...

. .. ### ..? #..
.. #.##.# ####
#o...# . #... #{#
##...####.## #s#
#.. ...#.## #.#
#.# ##.#.##
#)#####.####....##
#.................
#.#####.##......##
#.# #.##..#.#.#
#.# #<......#.##
#.# ####..#.#...
#.# #..#.####


You could see an orc priest.

Vanquished Creatures
  A hound (D:4)
  2 orc priests (D:4)
  Ijyb (D:2)
  An iguana (D:4)
  A gnoll (D:1)
  7 adders
  A worm (D:2)
  A giant gecko (D:1)
  6 orcs
  2 ball pythons (D:2)
  7 giant cockroaches
  6 goblins
  7 hobgoblins
  3 jackals (D:1)
  3 kobolds
  A quokka (D:3)
  8 bats
  2 giant newts
  10 rats
70 creatures vanquished.

Notes
Turn   | Place    | Note
--------------------------------------------------------------
     0 | D:1      | Oddball22 the Draconian Transmuter began the quest for the Orb.
     0 | D:1      | Reached XP level 1. HP: 16/16 MP: 3/3
   294 | D:1      | Reached XP level 2. HP: 23/23 MP: 5/5
  1007 | D:1      | Reached XP level 3. HP: 28/28 MP: 6/6
  1043 | D:1      | Learned a level 2 spell: Sticks to Snakes
  1047 | D:1      | Learned a level 3 spell: Spider Form
  1103 | D:2      | Noticed Ijyb
  1116 | D:2      | Killed Ijyb
  1116 | D:2      | Reached skill level 4 in Unarmed Combat
  1176 | D:2      | Found a bloodstained altar of Trog.
  1191 | D:2      | Reached XP level 4. HP: 35/35 MP: 8/8
  1257 | D:2      | Found a shimmering altar of Xom.
  1288 | D:2      | Found a sparkling altar of Nemelex Xobeh.
  1760 | D:2      | Found a stormy altar of Qazlal.
  2039 | D:3      | Reached skill level 1 in Poison Magic
  2085 | D:3      | Reached XP level 5. HP: 30/40 MP: 9/9
  2428 | D:3      | Found an opulent altar of Gozag.
  2949 | D:3      | Found a glowing golden altar of the Shining One.
  3646 | D:4      | Reached XP level 6. HP: 30/47 MP: 7/10
  3655 | D:4      | HP: 1/47 [something/puff of flame (7)]
  3655 | D:4      | Killed from afar by an orc priest

Vault maps used:
D:1:      lemuel_arrival_lava_pool
D:2:      lemuel_round_altar, nicolae_qazlal_eye_of_the_storm,
          nemelex_xobeh_ov_fountains_minmay, old_standard_altar, uniq_iyjb
D:3:      overflow_temple_1_default, lemuel_doored_altar, minmay_crystal_room,
          corexii_hall_statues_deadend
D:4:      nicolae_ru_path_of_blood, minmay_temple_entry_glassed_door,
          uniq_edmund

Action                   |  1- 3 |  4- 6 || total
-------------------------+-------+-------++-------
Melee: Unarmed           |   107 |   222 ||   329
 Cast: Beastly Appendage |     5 |    18 ||    23
       Spider Form       |     1 |     1 ||     2
  Use: Potion            |       |     3 ||     3
 Stab: Sleeping          |       |     1 ||     1
  Eat: Chunk             |     1 |     8 ||     9
